 Dungeon Crawl Stone Soup version 0.27-a0-385-g3208abaabc (webtiles) character file.

Game seed: 1996528054080951200

171 wampuh the Shield-Bearer (level 5, -3/39 HPs)
             Began as a Demonspawn Warper on Feb 19, 2021.
             Slain by a phantom (8 damage)
             ... on level 4 of the Dungeon.
             The game lasted 00:04:36 (4154 turns).

wampuh the Shield-Bearer (Demonspawn Warper)        Turns: 4154, Time: 00:04:37

Health: -3/39      AC:  5    Str: 12    XL:     5   Next: 26%
Magic:  8/8        EV: 12    Int: 14    God:
Gold:   111        SH:  5    Dex: 13    Spells: 8/8 levels left

rFire    . . .     SeeInvis .   a - +0 falchion
rCold    + . .     Faith    .   l - +0 buckler
rNeg     . . .     Spirit   .   b - +0 leather armour
rPois    .         Reflect  .   (helmet restricted)
rElec    .         Harm     .   (no cloak)
rCorr    .         Rampage  .   (no gloves)
Will     .....                  (no boots)
Stlth    +.........             (no amulet)
HPRegen  0.13/turn              o - ring of protection from cold
MPRegen  0.11/turn              (no ring)

@: no status effects
A: horns 2, molten scales 1
a: no special abilities


You were on level 4 of the Dungeon.
You visited 1 branch of the dungeon, and saw 4 of its levels.

You collected 111 gold pieces.

Inventory:

Hand Weapons
 a - a +0 falchion (weapon)
Missiles
 e - 5 boomerangs of dispersal (quivered)
 j - 10 boomerangs
Armour
 b - a +0 leather armour (worn)
 l - a +0 buckler (worn)
Jewellery
 o - a ring of protection from cold (left hand)
Scrolls
 c - a scroll of random uselessness {unknown}
 d - 4 scrolls of blinking
 f - 2 scrolls of immolation {unknown}
 h - a scroll of noise {unknown}
 i - 2 scrolls of amnesia {unknown}
 k - 3 scrolls of teleportation {unknown}
 m - 3 scrolls of fog {unknown}
 n - 2 scrolls of identify {unknown}
 q - a scroll of enchant armour {unknown}
 r - a scroll of fear {unknown}
Potions
 g - 3 potions of haste
 p - 2 potions of curing {unknown}
 s - a potion of heal wounds


   Skills:
 + Level 2.4 Fighting
 - Level 1.7 Long Blades
 - Level 0.8 Throwing
 - Level 1.2 Armour
 - Level 2.0 Dodging
 + Level 3.9 Shields
 - Level 2.0 Spellcasting
 + Level 3.0 Translocations


You had 8 spell levels left.
You didn't know any spells.
Your spell library contained the following spells:

 Spells                   Type           Power        Failure   Level
 Blink                    Tloc           N/A          14%         2
 Gell's Gravitas          Tloc           4%           26%         3
 Lesser Beckoning         Tloc           4%           26%         3
 Teleport Other           Tloc           9%           26%         3
 Manifold Assault         Tloc           9%           65%         4


Dungeon Overview and Level Annotations

Branches:
Dungeon (4/15)
 Temple: D:4-7

Altars:
Cheibriados


Innate Abilities, Weirdness & Mutations

You have a pair of horns on your head.
You are partially covered in molten scales. (AC +2)


Message History

You hit the phantom.
The phantom is severely damaged.
The phantom closely misses you.
You closely miss the phantom.
The phantom is severely damaged.
You block the phantom's attack.
You completely miss the phantom. You headbutt the phantom.
The phantom is almost destroyed.
The phantom hits you.
The phantom blinks!
You blink.
Your shield prevents you from hitting the phantom.
The phantom is almost destroyed.
The phantom hits you!
The phantom blinks!
You blink.
The phantom barely misses you.
Unknown command.
You are too injured to fight recklessly!
You are too injured to fight recklessly!
You are too injured to fight recklessly!
You hit the phantom but do no damage.
The phantom is severely damaged.
The phantom barely misses you.
You riposte.
You hit the phantom. Your headbutt misses the phantom.
The phantom is almost destroyed.
You barely miss the phantom.
The phantom is almost destroyed.
The phantom closely misses you.
You barely miss the phantom.
The phantom is almost destroyed.
The phantom hits you.
The phantom blinks!
You blink.
You hit the phantom but do no damage.
The phantom is almost destroyed.
The phantom hits you!
* * * LOW HITPOINT WARNING * * *
The phantom closely misses you.
You closely miss the phantom.
The phantom is almost destroyed.
The phantom misses you.
You miss the phantom.
The phantom is severely damaged.
The phantom hits you!
You die...

#. #. #### #. #.. .# #.
######.###.#
##.###..........#
#.###...##.#..<..#..#
...........#.##.....##
###W@.....##......##
#.....####..##.......#
#.###.####..#......... #
#.....##..#........#
#.#.#...ยง.##....>.....##
......_......#.##...##
#.##.....#.###.# #.##
#.....#.# #.# ##
###.###.# #.#


You could see a phantom.

Vanquished Creatures
  Ijyb (D:3)
  A gnoll (D:1)
  3 adders
  2 oozes
  3 worms
  3 dart slugs
  A leopard gecko (D:2)
  9 orcs (D:3)
  A giant cockroach (D:2)
  9 goblins
  11 hobgoblins
  5 kobolds
  3 quokkas
  3 ball pythons
  5 bats
  6 frilled lizards
  11 rats
77 creatures vanquished.

Notes
Turn   | Place    | Note
-------+----------+-------------------------------------------
     0 | D:1      | wampuh the Demonspawn Warper began the quest for the Orb.
     0 | D:1      | Reached XP level 1. HP: 16/16 MP: 3/3
    35 | D:1      | Reached skill level 1 in Armour
   569 | D:1      | Gained mutation: You are partially covered in molten
                  | scales. (AC +2) [demonic ancestry]
   569 | D:1      | Reached XP level 2. HP: 22/22 MP: 5/5
  1224 | D:1      | Reached skill level 1 in Shields
  1528 | D:1      | Gained mutation: You have a pair of small horns on your
                  | head. [demonic ancestry]
  1528 | D:1      | Reached XP level 3. HP: 27/27 MP: 6/6
  2180 | D:2      | Reached XP level 4. HP: 33/33 MP: 7/7
  2807 | D:3      | Noticed Ijyb
  2927 | D:3      | Killed Ijyb
  2936 | D:3      | Gained mutation: You have a pair of horns on your head.
                  | [demonic ancestry]
  2936 | D:3      | Reached XP level 5. HP: 23/38 MP: 8/8
  4130 | D:4      | Found a snail-covered altar of Cheibriados.
  4135 | D:4      | Noticed a phantom
  4154 | D:4      | Slain by a phantom

Illustrated notes

Levels and vault maps discovered:
D:1:      ebering_trefoil_3fold, layout_basic,
          amcnicky_mini_rare_corridor_liquid
D:2:      layout_loops_corners, grunt_ministairs_7, minivault_23,
          corexii_item_surrounded_by_moat, corner_web_ring
D:3:      layout_loops_ring, uniq_ijyb
D:4:      layout_loops_corners, nicolae_overflow_crystal_walls,
          minmay_temple_entry_slanted, enter_ossuary_2,
          chequers_serial_rivers_room_b

Skill      XL: |  1  2  3  4  5 |
---------------+----------------+-----
Armour         | 1 |  1.2
Dodging        | 2 |  2.0
Shields        | 1 2 3 |  3.9
Translocations | 3 |  3.0
Fighting       | |  2.4
Long Blades    | |  1.7
Throwing       | |  0.8
Spellcasting   | |  2.0

Action                   |  1- 3 |  4- 6 || total
-------------------------+-------+-------++-------
Melee: Falchion          |   131 |   147 ||   278
       Headbutt          |     7 |    27 ||    34
       Unarmed           |       |    20 ||    20
  Use: Potion            |       |     2 ||     2
Armor: Leather armour    |    36 |    34 ||    70
       Skin              |       |     1 ||     1
Dodge: Dodged            |    85 |    78 ||   163
Block: Buckler           |     9 |    30 ||    39
       Rpst.: Falchion   |    23 |    22 ||    45

Table legend: (Time is in decaauts)
 A = Elapsed time spent in this place.
 B = Non-inter-level travel time spent in this place.
 C = Inter-level travel time spent in this place.
 D = Time resting spent in this place.
 E = Time spent auto-exploring this place.
 F = Levels seen in this place.
 G = Mean time per level.
                   A        B        C        D        E       F      G
               +--------+--------+--------+--------+--------+-----+--------+
         Total |   4181 |   4066 |    115 |    865 |   2557 |   4 | 1045.2 |
       Dungeon |   4181 |   4066 |    115 |    865 |   2557 |   4 | 1045.2 |
               +--------+--------+--------+--------+--------+-----+--------+

Top non-repeatable levels by time:
     D:1: 1739 daAuts
     D:3: 1289 daAuts
     D:2: 1116 daAuts
     D:4: 36 daAuts
